 Dungeon Crawl Stone Soup version 0.29.1-13-g9f3cf754e1 (webtiles) character file.

Game seed: 13097958472286610735

879 KittyFluff the Cudgeller (level 8, -17/73 HPs)
             Began as a Gargoyle Berserker on Jan 22, 2023.
             Was a Believer of Trog.
             Demolished by an ogre
             ... wielding a +5 great mace
              (22 damage)
             ... on level 5 of the Dungeon.
             The game lasted 00:21:11 (5891 turns).

KittyFluff the Cudgeller (Gargoyle Berserker)       Turns: 5891, Time: 00:21:11

Health: -17/73     AC: 10    Str: 21    XL:     8   Next: 5%
Magic:  8/8        EV: 12    Int:  8    God:    Trog [**....]
Gold:   234        SH:  0    Dex: 17    Spells: 7/7 levels left

rFire   . . .      SeeInvis .   a - +0 mace
rCold   . . .      Faith    .   (no shield)
rNeg    + . .      Spirit   .   r - +0 leather armour
rPois   ∞          Reflect  .   (no helmet)
rElec   +          Harm     .   (no cloak)
rCorr   .          Rampage  .   (no gloves)
Will    .....                   E - +0 pair of boots
Stlth   ..........              (no amulet)
HPRegen 0.22/turn               y - +4 ring of slaying
MPRegen 0.11/turn               q - +6 ring of dexterity

@: berserking, very quick
A: sickness immunity, AC +5, negative energy resistance 1, electricity
resistance, torment resistance 1, petrification resistance
a: Renounce Religion, Berserk, Trog's Hand


You were on level 5 of the Dungeon.
You worshipped Trog.
Trog was pleased with you.
You visited 1 branch of the dungeon, and saw 5 of its levels.

You collected 234 gold pieces.

Inventory:

Hand Weapons
 a - a +0 mace (weapon)
 i - a +0 sling
Missiles
 g - 51 stones (quivered)
 s - 16 poisoned darts
 B - 4 silver boomerangs
Armour
 e - a +0 ring mail
 n - the +2 ring mail of Dyspraxia {rElec rPois MP+9 Int-4}
   (You found it on level 2 of the Dungeon)

   Int:       It affects your intelligence (-4).
   rElec:     It insulates you from electricity.
   rPois:     It protects you from poison.
   MP:        It affects your magic capacity (+9).
 p - the +0 scale mail of Autumn {rF+ Regen+ Int-5 Dex+4}
   (You found it on level 3 of the Dungeon)

   Int:       It affects your intelligence (-5).
   Dex:       It affects your dexterity (+4).
   rF:        It protects you from fire.
   Regen:     It increases your rate of health regeneration.
 r - a +0 leather armour (worn)
 D - a scarf of invisibility
 E - a +0 pair of boots (worn)
Jewellery
 m - a ring of see invisible
 q - a +6 ring of dexterity (right hand)
 y - a +4 ring of slaying (left hand)
Wands
 b - a wand of paralysis (13)
 F - a wand of iceblast (1)
 G - a wand of digging (8)
Scrolls
 d - a scroll of fear {unknown}
 f - 3 scrolls of butterflies
 h - 2 scrolls of identify
 k - 2 scrolls of poison {unknown}
 l - a scroll of noise {unknown}
 o - 3 scrolls of teleportation {unknown}
 u - a scroll of amnesia {unknown}
 w - a scroll of immolation {unknown}
 z - a scroll of vulnerability {unknown}
 C - a scroll of blinking {unknown}
Potions
 c - 2 potions of haste
 j - 3 potions of curing
 t - a potion of mutation
 v - a potion of resistance
 x - a potion of might
 A - a potion of berserk rage


   Skills:
 + Level 5.1 Fighting
 + Level 6.3 Maces & Flails
 * Level 5.0 Armour
 + Level 2.7 Dodging
 + Level 3.0 Stealth


You had 7 spell levels left.
You didn't know any spells.
Your spell library was empty.

Dungeon Overview and Level Annotations

Branches:
Dungeon (5/15)
 Temple: D:4-7

Altars:
Ashenzari
Hepliaklqana
Makhleb
Ru
Sif Muna
Trog
Wu Jian
Zin

Shops:
D:4 *

Annotations:
D:5 1 transporter


Innate Abilities, Weirdness & Mutations

You are immune to sickness and miasma.
Your stone body is resilient. (AC +5)
You are immune to poison.
You resist negative energy. (rN+)
You are resistant to electric shocks. (rElec)
You are resistant to unholy torment.
You are immune to petrification.


Message History

Hawla's ghost turns its malevolent gaze towards you.
The ogre shouts!
There is a transporter here.
Found a transporter.
There is a transporter landing site here.
You open the door.
There is a transporter landing site here.
There is a transporter here.
You enter the transporter and appear at another place.
You sock hawla's ghost!
Hawla's ghost is heavily damaged.
Hawla's ghost freezes you.
You are frozen.
You sock hawla's ghost!
Hawla's ghost is almost destroyed.
Hawla's ghost hits you.
You sock hawla's ghost!
You destroy hawla's ghost!
Trog accepts your kill.
Trog appreciates your killing of a magic user.
Your Armour skill increases to level 5!
Your Stealth skill increases to level 3!
You completely miss the ogre. The ogre closely misses you.
You sock the ogre!
The ogre is moderately wounded.
The ogre hits you with a +5 great mace!
You sock the ogre!
The ogre is heavily wounded.
You barely miss the ogre.
The ogre is heavily wounded.
The ogre closely misses you.
You thump the ogre!
The ogre is almost dead.
The ogre hits you with a +5 great mace!!
Ouch! That really hurt!
* * * LOW HITPOINT WARNING * * *
A red film seems to cover your vision as you go berserk!
You feel yourself moving faster!
You feel mighty!
The ogre hits you with a +5 great mace!!
You die...

#.#####....#....##.#.##########..
#######.#........................
........#.##.....©.©.....#######.
#########...#############........
##### #.###.....)$....#...##..#
....# #.# #.#$.#.#..#.#...##..#
....# #.# #..##...##..#...##..#
....# #.# #..##O..##..#...##...
##### #.###.#.@#.#..#.#...#..##
#...#©....©.....#...'.###
#...#############...### #
#.....'.# #.#..## # ##....#.#
#...####### #^...#+##
#####.##..... ##......#
#...÷>##.#### #....:.# #.######.#
# #......# #.##.###+####


You could see an ogre.

Vanquished Creatures
  2 water moccasins (D:5)
  2 phantoms (D:5)
  A kobold brigand (D:4)
  A necrophage (D:4)
  A scorpion (D:3)
  The ghost of hawla the Chiller, a weakling MeIE (D:5)
  3 hounds (D:5)
  2 iguanas (D:5)
  6 adders
  4 worms
  2 dart slugs (D:3)
  9 orcs
  2 bats
  4 endoplasms
  2 giant cockroaches (D:3)
  10 goblins
  3 hobgoblins
  4 jackals (D:1)
  5 quokkas
  3 ball pythons
  3 frilled lizards
  10 kobolds
  6 rats
86 creatures vanquished.

Notes
Turn   | Place    | Note
-------+----------+-------------------------------------------
     0 | D:1      | KittyFluff the Gargoyle Berserker began the quest for the
                  | Orb.
     0 | D:1      | Reached XP level 1. HP: 14/14 MP: 1/1
   263 | D:1      | Reached XP level 2. HP: 18/19 MP: 2/2
  1028 | D:1      | Found a faded altar of an unknown god.
  1032 | D:1      | Reached XP level 3. HP: 23/23 MP: 3/3
  1566 | D:2      | Reached ** piety under Trog
  1840 | D:2      | Reached XP level 4. HP: 17/29 MP: 4/4
  1885 | D:2      | Identified the +2 ring mail of Dyspraxia {rElec rPois MP+9
                  | Int-4}
  2072 | D:3      | Identified the +0 scale mail of Autumn {rF+ Regen+ Int-5
                  | Dex+4}
  2485 | D:3      | Noticed a scorpion
  2505 | D:3      | Killed a scorpion
  2506 | D:3      | Reached skill level 4 in Maces & Flails
  2506 | D:3      | Reached skill level 1 in Stealth
  2506 | D:3      | Reached XP level 5. HP: 8/33 MP: 5/5
  3289 | D:3      | Found a bloodstained altar of Trog.
  3583 | D:3      | Found a burning altar of Makhleb.
  3885 | D:4      | Noticed a kobold brigand
  3901 | D:4      | Killed a kobold brigand
  3902 | D:4      | Reached XP level 6. HP: 12/38 MP: 6/6
  4339 | D:4      | Found a hazy altar of Hepliaklqana.
  4339 | D:4      | Found a glowing silver altar of Zin.
  4397 | D:4      | Found Baelobil's Overcharged Wands.
  4724 | D:4      | Found a sacrificial altar of Ru.
  4837 | D:5      | Entered Level 5 of the Dungeon
  4876 | D:5      | Found a shimmering blue altar of Sif Muna.
  4994 | D:5      | Found an ornate altar of the Wu Jian Council.
  5105 | D:5      | Reached skill level 5 in Maces & Flails
  5178 | D:5      | Reached XP level 7. HP: 33/44 MP: 7/7
  5211 | D:5      | Found a broken altar of Ashenzari.
  5212 | D:5      | Found a transporter.
  5215 | D:5      | Noticed hawla's ghost (weakling MeIE)
  5552 | D:5      | Reached skill level 5 in Fighting
  5552 | D:5      | Reached skill level 6 in Maces & Flails
  5734 | D:5      | Reached XP level 8. HP: 49/49 MP: 8/8
  5838 | D:5      | Found a transporter.
  5885 | D:5      | Killed hawla's ghost
  5886 | D:5      | Reached skill level 5 in Armour
  5891 | D:5      | Demolished by an ogre

Illustrated notes

Levels and vault maps discovered:
D:1:      mainiacjoe_arrival_reflecting_pool, layout_basic,
          ebering_ecumenical_altar_petrified, chequers_serial_rivers_room_b
D:2:      layout_rooms
D:3:      layout_basic, lightli_temple_of_fire, bloody_makhleb
D:4:      layout_loops_corners, nicolae_ru_awakened_eye,
          nicolae_overflow_two_pavilions, minivault_24,
          nicolae_shop_overcharged_wands
D:5:      layout_basic, nicolae_sif_muna_condensation,
          mainiacjoe_overflow_boulevard, cheibrodos_ashenzari_chains,
          gammafunk_ghost_smash

Skill      XL: |  1  2  3  4  5  6  7  8 |
---------------+-------------------------+-----
Armour         | 3 4 5 |  5.0
Dodging        | 2 |  2.7
Fighting       | 4 5 |  5.1
Maces & Flails | 4 5 6 |  6.3
Stealth        | 1 2 3 |  3.0

Action                   |  1- 3 |  4- 6 |  7- 9 || total
-------------------------+-------+-------+-------++-------
Melee: Mace              |   150 |   156 |    51 ||   357
       Punch             |       |     1 |       ||     1
Invok: Berserk           |       |     3 |     1 ||     4
  Use: Scroll            |       |     6 |       ||     6
 Stab: Sleeping          |       |     5 |     1 ||     6
Armor: Animal skin       |    67 |    32 |       ||    99
       Leather armour    |       |    27 |    18 ||    45
Dodge: Dodged            |    97 |    78 |    28 ||   203
